 Dungeon Sprint DCSS version 0.30.1-4-g462c640d31 (webtiles) character file.

Game seed: 1528847028493649193

18230 Heoruswealwe the Ninja (level 12, -1/69 HPs)
             Began as a Spriggan Artificer on Sept 3, 2023.
             Was an Initiate of Gozag.
             Slain by a fire giant
             ... wielding a +0 great sword of flaming
              (37 damage)
             ... in the Dungeon (Sprint I: "Red Sonja").
             The game lasted 01:05:16 (2963 turns).

Heoruswealwe the Ninja (Spriggan Artificer)         Turns: 2963, Time: 01:05:17

Health: -1/69      AC:  7    Str:  8    XL:     12   Next: 25%
Magic:  13/13      EV: 29    Int: 14    God:    Gozag
Gold:   928        SH:  0    Dex: 17    Spells: 11/11 levels left

rFire   . . .        a - +12 pair of quick blades "Gyre" and "Gimble" {protect}
rCold   + . .        (shield currently unavailable)
rNeg    . . .        c - +2 robe {Will+}
rPois   +            (helmet restricted)
rElec   .            h - +0 cloak of Juch {rPois Slay+2}
rCorr   .            (gloves unavailable)
SInv    +            (boots unavailable)
Will    +++..        (no amulet)
Stlth   ++++++++++   k - ring of protection from cold
HPRegen 0.31/turn    j - ring of flight
MPRegen 0.13/turn

%: no teleportation
@: flying, very quick
A: very small, no large weapons, unfitting armour, see invisible, speed 3,
iridescent scales 1, clumsy 1, wild magic 1
a: Renounce Religion, Potion Petition, Call Merchant, Bribe Branch


You were in the Dungeon.
You worshipped Gozag.
Gozag was pleased with you.
You visited 1 branch You collected 8212 gold pieces.
You spent 5126 gold pieces at shops.
You donated 30 gold pieces to Zin.
You paid 2128 gold pieces to Gozag.

Inventory:

Hand Weapons
 a - the +12 pair of quick blades "Gyre" and "Gimble" (weapon) {protect}
   (You acquired it in the Dungeon)
 b - a +2 rapier of freezing
Armour
 c - a +2 robe of willpower (worn)
 h - the +0 cloak of Juch (worn) {rPois Slay+2}
   (You bought it in a shop in the Dungeon)

   Slay:      It affects your accuracy & damage with ranged weapons and melee
   (+2).
   rPois:     It protects you from poison.
Jewellery
 j - a ring of flight (right hand)
 k - a ring of protection from cold (left hand)
Wands
 d - a wand of charming (13)
 e - a wand of iceblast (3)
 m - a wand of flame (16) (quivered)
 q - a wand of digging (5)
 w - a wand of mindburst (5)
Scrolls
 l - 14 scrolls of identify
 v - a scroll of enchant armour
 x - 2 scrolls of blinking
Potions
 f - 7 potions of curing
 n - a potion of invisibility
 r - 3 potions of cancellation
 s - 2 potions of might
 t - 2 potions of haste
Miscellaneous
 g - a phial of floods
 o - a tin of tremorstones (2/2)
 u - a lightning rod (4/4)


   Skills:
 + Level 10.6 Fighting
 + Level 13.4 Short Blades
 + Level 16.2 Dodging
 O Level 27 Stealth
 * Level 20.0 Evocations


You had 11 spell levels left.
You didn't know any spells.
Your spell library was empty.

Dungeon Overview and Level Annotations

Branches:
Dungeon (1/1)

Altars:
Cheibriados
Dithmenos
Elyvilon
Fedhas
Gozag
Hepliaklqana
Kikubaaqudgha
Makhleb
Nemelex Xobeh
Okawaru
Qazlal
Ru
Sif Muna
Trog
Uskayaw
Vehumet
Wu Jian
Xom
Yredelemnul
Zin
The Shining One
Jiyva
Lugonu

Shops:
D ![**=[:([?:=!([(![[?*=*


Innate Abilities, Weirdness & Mutations

You are very small and have problems with some larger weapons.
You are too small for most types of armour.
You have supernaturally acute eyesight. (SInv)
You cover ground extremely quickly. (Speed+++)
You are partially covered in iridescent scales. (AC +2)
You are clumsy. (Dex -2)
Your spells are a little harder to cast, but a little more powerful.


Message History

There is an open door here.
A fire giant comes into view.
It is wielding a +0 great sword of flaming.
The fire giant shouts!
You hear a shout!
There is an open door here.
Aiming: Mindburst
Press: ? - help, Shift-Dir - straight line, f - fire giant
Aim: a fire giant, wielding a +0 great sword of flaming (chance to affect: 67%)
The fire giant struggles to resist.
The fire giant casts a spell at you.
The fireball explodes!
The fireball engulfs you!!!
Ouch! That really hurt!
You hear a shout!
Aiming: Mindburst
Press: ? - help, Shift-Dir - straight line, f/p - fire giant
Aim: a fire giant, wielding a +0 great sword of flaming (chance to affect: 67%)
The fire giant's mind is blasted!!
Aiming: Iceblast
Press: ? - help, Shift-Dir - straight line, f/p - fire giant
Aim: a fire giant, wielding a +0 great sword of flaming (lightly wounded)
The mass of ice explodes!
The iceblast engulfs the fire giant!!
The fire giant is heavily wounded.
The fire giant gestures at you while chanting.
The fireball explodes!
The fireball engulfs you!!
* * * LOW HITPOINT WARNING * * *
Aiming: Iceblast
Press: ? - help, Shift-Dir - straight line, f/p - fire giant
Aim: a fire giant, wielding a +0 great sword of flaming (heavily wounded)
The mass of ice explodes!
The iceblast engulfs the fire giant!
The fire giant is severely wounded.
A fire giant comes into view.
It is wielding a +1 great sword of flaming.
Aiming: Iceblast
Press: ? - help, Shift-Dir - straight line, f/p - fire giant
Aim: a fire giant, wielding a +0 great sword of flaming (severely wounded)
The mass of ice explodes!
The iceblast engulfs the fire giant!!
The fire giant is almost dead.
You feel much better.
The fire giant hits you with a +0 great sword of flaming!!!
Ouch! That really hurt!
You die...
Your body crumbles into a pile of gold.

...##'#§####§§.§§##=[+..#..§.##,,
...+..#§#!###.§§#######+#.§§..###
####..+§#'#.###§#,!?##,,#§§§§§#..
..##+####...#.#§##$$$#,,##§§..#(∩
..#.○.○.#.....#..###$#,,~###+##..
..#..°..+.....##.#A#$#,,~,,#.####
#'###°)°#.....#..###$#,,~,##+#§§§
#.+.#...###++##.##..$#,,~##.§§§§§
###§#..###..###.@#+###,,~#...§.§§
∩##§#..####..###.C.#,~,,##..§§§§.
###.##'#..#..#.###.#,~,,#..§§§.§.
.##.##.#.........#.#**,,#...§.)..
..+.####.........#.#,+,,##.§.§.§.
###§#..'......####C#,**'*#§......
..#§#####...###....#,*~~~##......
.#+.#,,,#####...####,*~~~~##.!...
~####,,,,..C..##*,^,^*~~~~~######


You could see a fire giant.

Vanquished Creatures
  A golden dragon (D)
  A shadow dragon (D)
  A lorocyproca (D)
  A hydra (D)
  2 centaur warriors (D)
  Sonja (D)
  A lindwurm (D)
  A deep troll (D)
  An oklob plant (D)
  8 shining eyes (D)
  4 demonic crawlers (D)
  A gargoyle (D)
  7 unseen horrors (D)
  2 kobold demonologists (D)
  A meliai (D)
  A hornet (D)
  Sigmund (D)
  A slime creature (D)
  A yak (D)
  13 hogs (D)
  2 redbacks (D)
  7 floating eyes (D)
  An ogre (D)
  7 necrophages (D)
  8 jellies (D)
  Ijyb (D)
  A ballistomycete spore (D)
77 creatures vanquished.

Vanquished Creatures (others)
  A ballistomycete spore (D)
1 creature vanquished.

Grand Total: 78 creatures vanquished

Notes
Turn   | Place    | Note
-------+----------+-------------------------------------------
     0 | D        | Heoruswealwe the Spriggan Artificer began the quest for the
                  | Orb.
     0 | D        | Reached XP level 1. HP: 9/9 MP: 2/2
     1 | D        | Noticed Ijyb
     4 | D        | Killed Ijyb
     5 | D        | Reached skill level 9 in Stealth
     5 | D        | Reached XP level 2. HP: 14/14 MP: 3/3
    17 | D        | Noticed an ogre
    20 | D        | Killed an ogre
    21 | D        | Reached skill level 13 in Stealth
    21 | D        | Reached XP level 3. HP: 17/17 MP: 4/4
    21 | D        | Reached XP level 4. HP: 21/21 MP: 5/5
    29 | D        | Noticed Sigmund
    32 | D        | Killed Sigmund
    33 | D        | Reached skill level 18 in Stealth
    33 | D        | Reached XP level 5. HP: 25/25 MP: 6/6
    33 | D        | Reached XP level 6. HP: 29/29 MP: 7/7
    45 | D        | Found an ornate altar of the Wu Jian Council.
    45 | D        | Found a shimmering blue altar of Sif Muna.
    47 | D        | Found a radiant altar of Vehumet.
    52 | D        | Reached skill level 19 in Stealth
    80 | D        | Found Roqadot's Assorted Antiques.
    80 | D        | Found an ancient bone altar of Kikubaaqudgha.
    80 | D        | Found a hazy altar of Hepliaklqana.
    80 | D        | Found a stormy altar of Qazlal.
    80 | D        | Found a hide-covered altar of Uskayaw.
    80 | D        | Found a blossoming altar of Fedhas.
    80 | D        | Found a bloodstained altar of Trog.
    80 | D        | Found an iron altar of Okawaru.
    80 | D        | Found a basalt altar of Yredelemnul.
    80 | D        | Found a glowing golden altar of the Shining One.
    80 | D        | Found a snail-covered altar of Cheibriados.
    80 | D        | Found a sacrificial altar of Ru.
    80 | D        | Found a glowing silver altar of Zin.
    80 | D        | Found a shadowy altar of Dithmenos.
    80 | D        | Found a white marble altar of Elyvilon.
    80 | D        | Noticed a yak
    81 | D        | Found an opulent altar of Gozag.
    82 | D        | Killed a yak
    83 | D        | Reached skill level 21 in Stealth
    83 | D        | Found a sparkling altar of Nemelex Xobeh.
    88 | D        | Became a worshipper of Zin the Law-Giver
    88 | D        | Reached * piety under Zin
    88 | D        | Reached ** piety under Zin
    88 | D        | Reached *** piety under Zin
    88 | D        | Reached **** piety under Zin
    88 | D        | Reached ***** piety under Zin
    88 | D        | Reached ****** piety under Zin
    91 | D        | Bought a scroll labelled LEN ITZUFILY for 26 gold pieces
    91 | D        | Bought a scroll labelled LEN ITZUFILY for 26 gold pieces
    91 | D        | Bought a scroll labelled TIAPLO PAPRO for 26 gold pieces
    91 | D        | Bought a scroll labelled LEN ITZUFILY for 26 gold pieces
    91 | D        | Bought a scroll labelled PILIGO WEREWU for 26 gold pieces
    97 | D        | Noticed Sonja
   101 | D        | Killed Sonja
   102 | D        | Reached skill level 25 in Stealth
   102 | D        | Reached XP level 7. HP: 32/32 MP: 8/8
   117 | D        | Found Plog's Distillery.
   127 | D        | Noticed a shining eye
   127 | D        | Noticed a shining eye
   127 | D        | Noticed a shining eye
   127 | D        | Noticed a shining eye
   127 | D        | Noticed a shining eye
   127 | D        | Noticed a shining eye
   130 | D        | Reached skill level 1 in Fighting
   130 | D        | Reached skill level 1 in Short Blades
   130 | D        | Reached XP level 8. HP: 37/37 MP: 9/9
   130 | D        | Noticed a shining eye
   130 | D        | Noticed a shining eye
   136 | D        | Reached skill level 5 in Evocations
   139 | D        | Reached skill level 5 in Dodging
   140 | D        | Killed a shining eye
   146 | D        | Killed a shining eye
   147 | D        | Reached skill level 5 in Short Blades
   147 | D        | Reached XP level 9. HP: 45/45 MP: 10/10
   184 | D        | Killed a shining eye
   185 | D        | Reached skill level 26 in Stealth
   211 | D        | Killed a shining eye
   212 | D        | Reached skill level 5 in Fighting
   236 | D        | Killed a shining eye
   261 | D        | Killed a shining eye
   291 | D        | Killed a shining eye
   292 | D        | Reached skill level 10 in Dodging
   292 | D        | Reached skill level 10 in Evocations
   292 | D        | Reached XP level 10. HP: 53/53 MP: 11/11
   316 | D        | Killed a shining eye
   326 | D        | Fell from the grace of Zin
   326 | D        | Became a worshipper of Gozag Ym Sagoz the Greedy
   338 | D        | Noticed a deep troll
   350 | D        | Killed a deep troll
   351 | D        | Reached skill level 27 in Stealth
   368 | D        | Found Isiniod's Armour Emporium.
   539 | D        | Found Xeacoymp's Jewellery Shop.
   539 | D        | Found Ziacw's General Store.
   539 | D        | Found Kaitu's Antique Armour Boutique.
   540 | D        | Found Nid Ses's Antique Armour Shoppe.
   580 | D        | Found a burning altar of Makhleb.
   580 | D        | Found a viscous altar of Jiyva.
   580 | D        | Found a shimmering altar of Xom.
   580 | D        | Found a corrupted altar of Lugonu.
   640 | D        | Noticed a soul eater
   641 | D        | Gained mutation: Armour fits poorly on your strangely
                  | shaped body. [a neqoxec]
   762 | D        | Noticed a centaur warrior
   764 | D        | Noticed a centaur warrior
   767 | D        | Killed a centaur warrior
   767 | D        | Killed a centaur warrior
   890 | D        | Noticed an oklob plant
   892 | D        | Killed an oklob plant
   893 | D        | Reached skill level 10 in Short Blades
   920 | D        | Reached XP level 11. HP: 60/60 MP: 12/12
   953 | D        | Reached skill level 15 in Evocations
  1058 | D        | Found Ehuero's Distillery.
  1058 | D        | Found Leiluxt's Magic Scroll Emporium.
  1058 | D        | Found Xionirphaly's Antique Armour Emporium.
  1064 | D        | Found Boserch's Weapon Shoppe.
  1064 | D        | Found Xohosom's Book Shop.
  1064 | D        | Found Odil's Magic Scroll Boutique.
  1071 | D        | Found Arinuv's Antique Weapon Boutique.
  1071 | D        | Found Mofoxar's Antique Armour Shoppe.
  1071 | D        | Found Olemiz's Weapon Shop.
  1071 | D        | Found Soso Poz's Distillery.
  1071 | D        | Found Rotisoh's Jewellery Boutique.
  1071 | D        | Found Juis's Book Shoppe.
  1071 | D        | Found Tomaeg's Magic Scroll Shop.
  1075 | D        | Found Decvaph's Armour Emporium.
  1139 | D        | Bought a potion of heal wounds for 130 gold pieces
  1157 | D        | Bought a potion of cancellation for 80 gold pieces
  1157 | D        | Bought 2 potions of heal wounds for 100 gold pieces
  1157 | D        | Bought a potion of mutation for 80 gold pieces
  1157 | D        | Bought a potion of curing for 30 gold pieces
  1157 | D        | Bought a potion of heal wounds for 50 gold pieces
  1157 | D        | Bought a potion of might for 40 gold pieces
  1157 | D        | Bought a potion of flight for 30 gold pieces
  1173 | D        | Bought a cloak for 130 gold pieces
  1180 | D        | Bought a lightning rod (4/4) for 300 gold pieces
  1180 | D        | Bought a scroll of enchant armour for 75 gold pieces
  1180 | D        | Bought a potion of curing for 30 gold pieces
  1180 | D        | Bought a scroll of identify for 20 gold pieces
  1183 | D        | Bought a scroll of magic mapping for 75 gold pieces
  1183 | D        | Bought a potion of attraction for 30 gold pieces
  1183 | D        | Bought a ring of protection from cold for 250 gold pieces
  1249 | D        | Bought a ring of flight for 245 gold pieces
  1324 | D        | Bought a scroll of acquirement for 624 gold pieces
  1324 | D        | Bought a scroll of identify for 24 gold pieces
  1324 | D        | Bought a scroll of enchant weapon for 90 gold pieces
  1324 | D        | Bought a scroll of identify for 24 gold pieces
  1324 | D        | Bought a scroll of identify for 24 gold pieces
  1324 | D        | Bought a scroll of summoning for 114 gold pieces
  1325 | D        | Bought a potion of cancellation for 88 gold pieces
  1325 | D        | Bought a potion of curing for 33 gold pieces
  1325 | D        | Bought a potion of curing for 33 gold pieces
  1342 | D        | Acquired the +12 pair of quick blades "Gyre" and "Gimble"
                  | {protect}
  1342 | D        | Found the +12 pair of quick blades "Gyre" and "Gimble"
                  | {protect}
  1554 | D        | Noticed a lindwurm
  1557 | D        | Killed a lindwurm
  1630 | D        | Noticed a 12-headed hydra
  1632 | D        | Killed a 12-headed hydra
  1746 | D        | Bought a potion of cancellation for 88 gold pieces
  1747 | D        | Bought a glowing robe for 114 gold pieces
  1751 | D        | Bought a potion of heal wounds for 60 gold pieces
  1751 | D        | Bought a potion of might for 48 gold pieces
  1751 | D        | Bought a potion of brilliance for 48 gold pieces
  1754 | D        | Bought a scroll of enchant armour for 82 gold pieces
  1754 | D        | Bought a scroll of identify for 22 gold pieces
  1754 | D        | Bought a scroll of identify for 22 gold pieces
  1754 | D        | Bought a scroll of identify for 22 gold pieces
  1754 | D        | Bought a scroll of blinking for 82 gold pieces
  1754 | D        | Bought a scroll of amnesia for 44 gold pieces
  1756 | D        | Bought a scroll of brand weapon for 104 gold pieces
  1756 | D        | Bought a scroll of identify for 22 gold pieces
  1756 | D        | Bought a scroll of identify for 22 gold pieces
  1756 | D        | Bought a scroll of identify for 22 gold pieces
  1756 | D        | Bought a scroll of fog for 44 gold pieces
  1756 | D        | Bought a scroll of brand weapon for 104 gold pieces
  1756 | D        | Bought a scroll of brand weapon for 104 gold pieces
  1756 | D        | Bought a scroll of brand weapon for 104 gold pieces
  1756 | D        | Bought a scroll of brand weapon for 104 gold pieces
  1792 | D        | Lost mutation: Armour fits poorly on your strangely shaped
                  | body. [potion of mutation]
  1792 | D        | Gained mutation: You are agile. (Dex +4, Str/Int -1)
                  | [potion of mutation]
  1793 | D        | Lost mutation: You are agile. (Dex +4, Str/Int -1) [potion
                  | of mutation]
  1793 | D        | Gained mutation: You are strong-willed. (Will+) [potion of
                  | mutation]
  1793 | D        | Gained mutation: Your natural rate of healing is unusually
                  | fast. [potion of mutation]
  1793 | D        | Gained mutation: You are partially covered in iridescent
                  | scales. (AC +2) [potion of mutation]
  1794 | D        | Lost mutation: You are strong-willed. (Will+) [potion of
                  | mutation]
  1794 | D        | Lost mutation: You are partially covered in iridescent
                  | scales. (AC +2) [potion of mutation]
  1794 | D        | Lost mutation: Your natural rate of healing is unusually
                  | fast. [potion of mutation]
  1794 | D        | Gained mutation: You are clumsy. (Dex -2) [potion of
                  | mutation]
  1794 | D        | Gained mutation: You are partially covered in iridescent
                  | scales. (AC +2) [potion of mutation]
  1794 | D        | Gained mutation: Your spells are a little harder to cast,
                  | but a little more powerful. [potion of mutation]
  1867 | D        | Bought a ring of poison resistance for 280 gold pieces
  2095 | D        | Noticed a shadow dragon
  2097 | D        | Noticed a golden dragon
  2098 | D        | Killed a golden dragon
  2099 | D        | Reached skill level 15 in Dodging
  2099 | D        | Killed a shadow dragon
  2100 | D        | Reached skill level 10 in Fighting
  2100 | D        | Reached XP level 12. HP: 67/67 MP: 13/13
  2172 | D        | Found Xucabuh's Jewellery Shoppe.
  2193 | D        | Bought a wand of digging (4) for 201 gold pieces
  2193 | D        | Bought a wand of flame (10) for 84 gold pieces
  2402 | D        | Bought a wand of mindburst (7) for 98 gold pieces
  2402 | D        | Bought the +0 cloak of Juch {rPois Slay+2} for 241 gold
                  | pieces
  2402 | D        | Bought a wand of flame (3) for 21 gold pieces
  2402 | D        | Bought a scroll of identify for 20 gold pieces
  2402 | D        | Bought a scroll of identify for 20 gold pieces
  2402 | D        | Bought a scroll of identify for 20 gold pieces
  2537 | D        | Noticed a lorocyproca
  2543 | D        | Killed a lorocyproca
  2899 | D        | Noticed a daeva
  2944 | D        | Noticed a fire giant
  2960 | D        | Noticed a fire giant
  2963 | D        | Slain by a fire giant

Illustrated notes

Levels and vault maps discovered:
D:        dungeon_sprint_1 [red_sonja_temple_1, red_sonja_temple_small_1]

Skill      XL: |  1  2  3  4  5  6  7  8  9 10 11 12 |
---------------+-------------------------------------+-----
Stealth        | 9 13 18 25 26 27 | 27.0
Fighting       | 1 4 6 8 10 | 10.6
Short Blades   | 1 5 7 10 12 13 | 13.4
Dodging        | 7 10 12 15 16 | 16.2
Evocations     | 7 10 14 19 20 | 20.0

Action                     |  1- 3 |  4- 6 |  7- 9 | 10-12 || total
---------------------------+-------+-------+-------+-------++-------
  Melee: Dagger            |     1 |     4 |   132 |    20 ||   157
         Punch             |       |       |     5 |       ||     5
         Rapier            |       |       |       |    41 ||    41
         Pair of quick bla |       |       |       |    66 ||    66
 Invoke: Call Merchant     |       |       |       |     2 ||     2
         Potion Petition   |       |       |       |     1 ||     1
  Evoke: Wand              |     2 |       |       |    37 ||    39
         Lightning rod     |       |       |       |     3 ||     3
         Phial of floods   |       |       |       |     1 ||     1
    Use: Potion            |       |       |       |    11 ||    11
         Scroll            |       |       |       |    15 ||    15
   Stab: Sleeping          |     1 |     4 |     6 |    32 ||    43
         Distracted        |       |       |       |     2 ||     2
         Confused          |       |       |       |     1 ||     1
 Armour: Robe              |       |       |       |    21 ||    21
  Dodge: Dodged            |       |       |       |    76 ||    76
